Description

A 3-pronged attack that is designed to confuse your zerg opponent as well as put you ahead. Since main unit is the hellbat, this will be a reactored hellion opening. Usually you want to drop hellbats in main, get 4 hellbats to the third, then siege a liberator in the natural. This can be followed up with mech(thor drop) but I chose to make a bio version instead. Inspired by the one and only TOP. Follow his stream at twitch.tv/kiwian.

DISCLAIMER: I'm diamond and my macro sucks, so don't follow this to the letter.

Replay - TvZ-NinjaKWick vs. ONTILT

Build Order

Get SALT Encoding   

  12  0:01  SCV  
  13  0:13  SCV  
  14  0:17  Supply Depot  
  14  0:25  SCV  
  14  0:28  Refinery  
  15  0:39  SCV  
  16  0:45  Barracks  
  16  0:51  SCV  
  17  1:03  SCV  
  18  1:15  SCV  
  19  1:32  Reaper, Orbital Command  
  20  1:47  Command Center  
  20  1:59  SCV  
  21  2:03  Factory  
  21  2:11  SCV  
  22  2:15  Barracks Reactor  
  22  2:20  Supply Depot  
  22  2:21  Refinery  
  22  2:23  SCV  
  23  2:55  Starport  
  24  2:58  Barracks Tech Lab  
  24  3:01  Hellion x2, Orbital Command  
  30  3:21  Supply Depot  
  30  3:23  Hellion x2  
  31  3:34  Medivac  
  38  3:42  Armory  
  40  3:51  Hellion x2  
  44  4:02  Supply Depot  
  46  4:06  Liberator  
  46  4:16  Hellion x2  
  55  4:25  Supply Depot  
  57  4:37  Hellion x2  
  68  5:08  Command Center  
  66  5:23  Refinery x2  
  66  5:26  Engineering Bay x2  
  66  5:41  Starport Reactor  
  64  5:48  Barracks x2  
Spawning Tool Build Advisor. Get it on Overwolf

Analysis

Mech follow-up: - Double Thor drop with Hellion/Hellbat runby.

Bio follow-up: - Ideally, 3rd CC + Double E-bay + Additional Rax(like 4 more).

  • Send out drops for creep then when 1/1 hits go parade push.

  • If your opponent sucks just end him there, no need to wait for 1/1.

This build kind of sucks to fast roach/roach all-ins. Idk really know what to do vs those besides cyclones/bunkers. Also like usual my stim is late(I think).

Go to:

Details

  • Created by: WangGang
  • Published on: Mar 20, 2018
  • Modified on: Mar 20, 2018
  • Patch: 4.0.0
Show
View Real Time Build Order
Export as new Build Order

Comments (0)

There are no comments. Be the first!

Create an account to comment!